 Dungeon Crawl Stone Soup version 0.23.2-33-g5129a83184 (webtiles) character file.

Game seed: 17622544789997123848

3275 troglodite the Blocker (level 10, -3/80 HPs)
             Began as a Gnoll Fighter on July 22, 2019.
             Was a Follower of Ashenzari.
             Slain by an orc warrior
             ... wielding a +0 long sword
              (11 damage)
             ... on level 8 of the Dungeon.
             The game lasted 00:29:06 (10480 turns).

troglodite the Blocker (Gnoll Fighter)             Turns: 10480, Time: 00:29:07

Health: -3/80      AC: 17    Str: 19    XL:     10   Next: 0%
Magic:  17/17      EV:  7    Int: 11    God:    Ashenzari [*.....]
Gold:   382        SH:  0    Dex: 17    Spells: 18/18 levels left

rFire    + . .     SeeInvis .   l - +2 long sword (freeze)
rCold    x . .     Gourm    +   c - +0 shield (curse)
rNeg     . . .     Faith    .   E - +0 plate armour
rPois    .         Spirit   .   h - +0 helmet (curse)
rElec    .         Reflect  .   (no cloak)
rCorr    .         Harm     .   r - +1 pair of gloves (curse)
MR       .....                  (no boots)
Stlth    ..........             C - amulet of the gourmand
HPRegen  0.23/turn              m - ring of stealth
MPRegen  0.15/turn              v - ring of fire

@: confused
A: distributed training, fangs 1, strong nose
a: Curse Item, Scrying, Renounce Religion


You were on level 8 of the Dungeon.
You worshipped Ashenzari.
Ashenzari was aware of your devotion.
You were completely stuffed.

You visited 2 branches of the dungeon, and saw 9 of its levels.
You also visited: Sewer.

You collected 486 gold pieces.
You spent 104 gold pieces at shops.

Inventory:

Hand Weapons
 a - a +0 long sword
 l - a +2 long sword of freezing (weapon)
Armour
 c - a cursed +0 shield (worn)
 h - a cursed +0 helmet (worn)
 r - a cursed +1 pair of gloves (worn)
 E - a +0 plate armour (worn)
Jewellery
 m - a ring of stealth (left hand)
 v - a ring of fire (right hand)
 C - an amulet of the gourmand (around neck)
 F - an uncursed ring of resist corrosion
Wands
 j - a wand of flame (49)
 o - a wand of disintegration (14)
 B - a wand of polymorph (2)
 D - a wand of acid (10)
Scrolls
 e - 2 scrolls of fog {unknown}
 g - 4 scrolls of teleportation
 i - 3 scrolls of enchant armour {unknown}
 n - 2 scrolls of fear {unknown}
 q - a scroll of remove curse
 s - 2 scrolls of amnesia {unknown}
 t - 2 scrolls of enchant weapon {unknown}
 y - a scroll of immolation {unknown}
Potions
 b - a potion of mutation
 d - a potion of might
 k - a potion of lignification
 p - 2 potions of curing
 u - a potion of haste
 w - 7 potions of flight
 x - a potion of agility
 z - a potion of berserk rage {unknown}
 A - 2 potions of cancellation
Comestibles
 f - 6 rations
 G - 5 chunks of flesh


   Skills:
 + Level 8.1 Fighting
 + Level 4.7 Short Blades
 + Level 6.6 Long Blades
 + Level 4.7 Axes
 + Level 4.7 Maces & Flails
 + Level 4.7 Polearms
 + Level 4.7 Staves
 + Level 4.7 Slings
 + Level 4.7 Bows
 + Level 4.7 Crossbows
 + Level 4.7 Throwing
 + Level 8.1 Armour
 + Level 4.7 Dodging
 + Level 4.7 Stealth
 + Level 8.1 Shields
 + Level 4.7 Unarmed Combat
 + Level 4.7 Spellcasting
 + Level 3.9 Conjurations
 + Level 3.9 Hexes
 + Level 3.9 Charms
 + Level 3.9 Summonings
 + Level 3.9 Necromancy
 + Level 3.9 Translocations
 + Level 3.9 Transmutations
 + Level 3.9 Fire Magic
 + Level 3.9 Ice Magic
 + Level 3.9 Air Magic
 + Level 3.9 Earth Magic
 + Level 3.9 Poison Magic
 + Level 5.1 Invocations
 + Level 4.7 Evocations


You had 18 spell levels left.
You didn't know any spells.
Your spell library contained the following spells:

 Spells                   Type           Power        Failure   Level  Hunger
 Confusing Touch          Hex            ##....       94%         1    None
 Flame Tongue             Conj/Fire      ###..        94%         1    None
 Magic Dart               Conj           ##..         94%         1    None
 Sandblast                Erth           ##....       94%         1    None
 Blink                    Tloc           N/A          98%         2    ##.....
 Call Imp                 Summ           ##......     98%         2    ##.....
 Passwall                 Tmut/Erth      ##......     98%         2    ##.....
 Slow                     Hex            ##......     98%         2    ##.....
 Throw Flame              Conj/Fire      ###...       98%         2    ##.....
 Confuse                  Hex            ##......     100%        3    ###....
 Conjure Flame            Conj/Fire      ###.....     100%        3    ###....
 Gell's Gravitas          Tloc           ##........   100%        3    ###....
 Inner Flame              Hex/Fire       ###.....     100%        3    ###....
 Mephitic Cloud           Conj/Pois/Air  ##......     100%        3    ###....
 Stone Arrow              Conj/Erth      ##....       100%        3    ###....
 Petrify                  Tmut/Erth      ##......     100%        4    ####...
 Sticky Flame             Conj/Fire      ###.....     100%        4    ####...
 Fireball                 Conj/Fire      ###.......   100%        5    ######.
 Lee's Rapid Deconstruct  Erth           ##........   100%        5    ######.
 Metabolic Englaciation   Hex/Ice        ##........   100%        5    ######.
 Yara's Violent Unravell  Hex/Tmut       ##........   100%        5    ######.


Dungeon Overview and Level Annotations

Branches:
Dungeon (8/15)             Temple (1/1) D:5
   Lair: D:8-11

Altars:
Ashenzari
Cheibriados
Elyvilon
Fedhas
Gozag
Hepliaklqana
Kikubaaqudgha
Makhleb
Nemelex Xobeh
Okawaru
Qazlal
Ru
Sif Muna
Trog
Uskayaw
Vehumet
Wu Jian
Xom
Yredelemnul
Zin
The Shining One

Shops:
D:4 ?

Annotations:
D:6 1 runed translucent door, Derp's ghost, novice DsBe


Innate Abilities, Weirdness & Mutations

Your experience applies equally to all skills.
You have very sharp teeth.
Your uncanny sense of smell can sniff out nearby items.


Message History

* * * LOW HITPOINT WARNING * * *
You hear some strange, mumbled words.
You are confused.
You're too confused to move!
The orc wizard points at you and mumbles some strange words.
The puff of frost hits you!
You feel a terrible chill!
* * * LOW HITPOINT WARNING * * *
The orc warrior hits you with a +0 long sword.
* * * LOW HITPOINT WARNING * * *
Something hits you but does no damage.
The orc wizard points at you and mumbles some strange words.
The puff of flame hits you. You resist.
* * * LOW HITPOINT WARNING * * *
The orc wizard barely misses you.
Unknown command.
You're too confused to move!
The orc wizard casts a spell at you.
The puff of flame hits you but does no damage.
The orc warrior hits you with a +0 long sword!
You die...

......#...................(######
...(..'.................)..'....#
......#....................#....+
..##..#######..............#....#
..##..##....#..............#'####
......'.....#....................
......#.....#....................
......##....#....o....)..........
......##....#...@o...............
............'..............######
............#..............#.....
............#...........>..#.....
'###..#######..............#.....
..##### #...........###'####.....
..# #...........#............ ..#
#...........#.....##..###
..#######)..........#.....##..###


You could see an orc warrior and an orc wizard.

Vanquished Creatures
  Pikel (D:6)
  Eustachio (D:5)
  Menkaure (D:6)
  A sky beast (D:6)
  A phantom (D:8)
  4 ogres
  4 centaurs
  5 bullfrogs
  A gnoll sergeant (D:8)
  Blork the orc (D:6)
  A scorpion (D:6)
  4 wights
  A howler monkey (D:8)
  2 crimson imps
  A jelly (D:6)
  A centaur skeleton (D:8)
  3 hounds
  2 orc priests
  Terence (D:2)
  4 iguanas
  3 orc wizards (D:4)
  A merfolk siren (Sewer)
  3 worker ants
  A killer bee zombie (D:8)
  A merfolk avatar (Sewer)
  2 hound skeletons
  Robin (D:2)
  9 gnolls
  11 adders
  3 river rats
  5 shadow imps
  An ooze (D:3)
  An adder zombie (D:7)
  A dart slug (D:1)
  4 leopard geckos
  13 orcs
  9 ball pythons
  6 giant cockroaches
  15 goblins
  9 hobgoblins
  6 jackals
  A quokka (D:6)
  6 bats
  4 frilled lizards
  8 kobolds
  A leopard gecko skeleton (D:5)
  A quokka skeleton (D:4)
  27 rats
193 creatures vanquished.

Notes
Turn   | Place    | Note
-------+----------+-------------------------------------------
     0 | D:1      | troglodite the Gnoll Fighter began the quest for the Orb.
     0 | D:1      | Reached XP level 1. HP: 23/23 MP: 1/1
    69 | D:1      | Reached XP level 2. HP: 27/29 MP: 2/2
   235 | D:1      | Reached XP level 3. HP: 25/35 MP: 3/3
   724 | D:2      | Reached skill level 1 in Invocations
   753 | D:2      | Noticed Robin
   761 | D:2      | Noticed Terence
   776 | D:2      | Killed Terence
   776 | D:2      | Reached skill level 1 in Short Blades
   776 | D:2      | Reached skill level 1 in Axes
   776 | D:2      | Reached skill level 1 in Maces & Flails
   776 | D:2      | Reached skill level 1 in Polearms
   776 | D:2      | Reached skill level 1 in Staves
   776 | D:2      | Reached skill level 1 in Slings
   776 | D:2      | Reached skill level 1 in Bows
   776 | D:2      | Reached skill level 1 in Crossbows
   776 | D:2      | Reached skill level 1 in Throwing
   776 | D:2      | Reached skill level 1 in Dodging
   776 | D:2      | Reached skill level 1 in Stealth
   776 | D:2      | Reached skill level 1 in Unarmed Combat
   776 | D:2      | Reached skill level 1 in Spellcasting
   776 | D:2      | Reached skill level 1 in Evocations
   776 | D:2      | Reached XP level 4. HP: 31/41 MP: 5/5
   783 | D:2      | Killed Robin
  1217 | D:2      | Reached skill level 1 in Conjurations
  1217 | D:2      | Reached skill level 1 in Hexes
  1217 | D:2      | Reached skill level 1 in Charms
  1217 | D:2      | Reached skill level 1 in Summonings
  1217 | D:2      | Reached skill level 1 in Necromancy
  1217 | D:2      | Reached skill level 1 in Translocations
  1217 | D:2      | Reached skill level 1 in Transmutations
  1217 | D:2      | Reached skill level 1 in Fire Magic
  1217 | D:2      | Reached skill level 1 in Ice Magic
  1217 | D:2      | Reached skill level 1 in Air Magic
  1217 | D:2      | Reached skill level 1 in Earth Magic
  1217 | D:2      | Reached skill level 1 in Poison Magic
  1275 | D:2      | Found a faded altar of an unknown god.
  1679 | D:3      | Noticed a centaur
  1689 | D:3      | Killed a centaur
  1689 | D:3      | Reached XP level 5. HP: 22/47 MP: 5/7
  2284 | D:3      | Found an iron altar of Okawaru.
  2818 | D:4      | Reached XP level 6. HP: 32/53 MP: 8/8
  2846 | D:4      | Found a glowing drain.
  2921 | Sewer    | Entered a sewer
  3135 | Sewer    | Reached skill level 5 in Long Blades
  3823 | D:4      | Reached XP level 7. HP: 47/59 MP: 10/10
  4321 | D:4      | Found Wieloh's Magic Scroll Shoppe.
  4327 | D:4      | Bought a scroll of identify for 26 gold pieces
  4327 | D:4      | Bought a scroll of remove curse for 39 gold pieces
  4327 | D:4      | Bought a scroll of remove curse for 39 gold pieces
  4592 | D:5      | Entered Level 5 of the Dungeon
  4815 | D:5      | Found a hide-covered altar of Uskayaw.
  5033 | D:5      | Noticed Eustachio
  5761 | D:5      | Killed Eustachio
  5761 | D:5      | Reached XP level 8. HP: 53/67 MP: 10/12
  6007 | D:5      | Found a staircase to the Ecumenical Temple.
  6120 | Temple   | Entered the Ecumenical Temple
  6187 | Temple   | Became a worshipper of Ashenzari the Shackled
  6781 | D:6      | Found a runed translucent door.
  7418 | D:6      | Noticed Menkaure
  7426 | D:6      | Killed Menkaure
  7777 | D:6      | Noticed Derp's ghost (novice DsBe)
  7834 | D:6      | Noticed Blork the orc
  7846 | D:6      | Killed Blork the orc
  8487 | D:6      | Noticed Pikel
  8503 | D:6      | Killed Pikel
  8503 | D:6      | Reached XP level 9. HP: 48/72 MP: 12/14
  9927 | D:8      | Reached * piety under Ashenzari
 10171 | D:8      | Reached skill level 5 in Invocations
 10465 | D:8      | Reached XP level 10. HP: 80/80 MP: 17/17
 10480 | D:8      | Slain by an orc warrior

Skill      XL: |  1  2  3  4  5  6  7  8  9 |
---------------+----------------------------+-----
Invocations    | 1 2 3 4 5 |  5.1
Short Blades   | 1 2 3 4 |  4.7
Axes           | 1 2 3 4 |  4.7
Maces & Flails | 1 2 3 4 |  4.7
Polearms       | 1 2 3 4 |  4.7
Staves         | 1 2 3 4 |  4.7
Slings         | 1 2 3 4 |  4.7
Bows           | 1 2 3 4 |  4.7
Crossbows      | 1 2 3 4 |  4.7
Throwing       | 1 2 3 4 |  4.7
Dodging        | 1 2 3 4 |  4.7
Stealth        | 1 2 3 4 |  4.7
Unarmed Combat | 1 2 3 4 |  4.7
Spellcasting   | 1 2 3 4 |  4.7
Evocations     | 1 2 3 4 |  4.7
Conjurations   | 1 2 3 |  3.9
Hexes          | 1 2 3 |  3.9
Charms         | 1 2 3 |  3.9
Summonings     | 1 2 3 |  3.9
Necromancy     | 1 2 3 |  3.9
Translocations | 1 2 3 |  3.9
Transmutations | 1 2 3 |  3.9
Fire Magic     | 1 2 3 |  3.9
Ice Magic      | 1 2 3 |  3.9
Air Magic      | 1 2 3 |  3.9
Earth Magic    | 1 2 3 |  3.9
Poison Magic   | 1 2 3 |  3.9
Long Blades    | 5 6 |  6.6
Fighting       | 7 8 |  8.1
Armour         | 7 8 |  8.1
Shields        | 7 8 |  8.1

Action                   |  1- 3 |  4- 6 |  7- 9 | 10-12 || total
-------------------------+-------+-------+-------+-------++-------
Melee: Long sword        |   100 |   231 |   412 |    12 ||   755
       Bite              |     5 |    28 |    63 |     2 ||    98
       Unarmed           |       |       |     6 |       ||     6
Invok: Curse Item        |       |       |     3 |       ||     3
  Use: Scroll            |       |       |     6 |       ||     6
 Stab: Sleeping          |       |     3 |     1 |       ||     4
  Eat: Ration            |       |     1 |     2 |       ||     3
       Chunk             |       |     7 |    29 |       ||    36
Armor: Scale mail        |    46 |    99 |   218 |       ||   363
       Chain mail        |       |       |    37 |       ||    37
       Plate armour      |       |       |    73 |    13 ||    86
       Skin              |       |       |     1 |       ||     1
Dodge: Dodged            |    36 |    93 |   246 |     7 ||   382
Block: Shield            |    60 |   149 |   386 |    11 ||   606
       Rpst.: Long sword |    16 |    23 |    74 |     1 ||   114
